 Dungeon Crawl Stone Soup version 0.17-a0-1403-g9df874c (webtiles) character file.

148 Raurakos the Slasher (level 5, 0/61 HPs)
             Began as a Formicid Abyssal Knight on June 20, 2015.
             Was a Priest of Lugonu.
             Slain by an adder (2 damage)
             ... on level 3 of the Dungeon.
             The game lasted 00:08:24 (3067 turns).

Raurakos the Slasher (Formicid Abyssal Knight)      Turns: 3067, Time: 00:08:24

Health: 0/61       AC: 22    Str: 17    XL:     5   Next: 56%
Magic:  6/6        EV:  2    Int: 11    God:    Lugonu [***...]
Gold:   199        SH:  0    Dex: 16    Spells: 0 memorised, 4 levels left

rFire  . . .     SeeInvis .     l - +0 long sword
rCold  . . .     Clarity  .     (armour currently unavailable)
rNeg   + + +     SustAt   .     (no shield)
rPois  +         Gourm    .     (helmet unavailable)
rElec  .         Spirit   .     (cloak currently unavailable)
rCorr  .         Warding  .     (gloves currently unavailable)
rMut   .         Stasis   +     (boots currently unavailable)
MR     .....                    (no amulet)
Stlth  ++........               (no ring)
                                (no ring)

@: agile, lethally poisoned (0 -> -1), tree-form, not resistant to hostile
enchantments, unstealthy
A: permanent stasis, dig shafts and tunnels, four strong arms, (antennae 0)
a: Depart the Abyss, Bend Space, Banish, Renounce Religion


You were on level 3 of the Dungeon.
You worshipped Lugonu.
Lugonu was most pleased with you.
You were hungry.
You were a tree.
You visited 1 branch of the dungeon, and saw 3 of its levels.
You visited the Abyss 1 time.

You collected 199 gold pieces.

Inventory:

Hand weapons
 a - a +1 falchion
 l - a +0 long sword (weapon)
Missiles
 f - 82 stones (quivered)
Armour
 e - a +0 ring mail (melded)
Magical devices
 u - a wand of teleportation (5)
Scrolls
 b - a scroll of noise {unknown}
 d - a scroll of enchant weapon {unknown}
 h - 2 scrolls of remove curse {unknown}
 i - a scroll of fear {unknown}
 o - 2 scrolls of amnesia {unknown}
 q - a scroll of magic mapping {unknown}
 s - a scroll of fog {unknown}
Potions
 g - 2 potions of might
 m - a potion of agility
Comestibles
 c - 3 bread rations
 j - a fruit
 n - 3 meat rations
 p - 4 chunks of flesh
 t - a slice of pizza


   Skills:
 - Level 3.2 Fighting
 + Level 5.3 Long Blades
 - Level 2.1 Armour
 - Level 0.8 Dodging
 - Level 2.1 Invocations


You had 4 spell levels left.
You didn't know any spells.

Dungeon Overview and Level Annotations

Branches:
Dungeon (3/15)

Altars:
Gozag
Makhleb
Xom


Innate Abilities, Weirdness & Mutations

You are under a permanent stasis effect.
You can dig through walls and to a lower floor.
Your four strong arms can wield two-handed weapons with a shield.
((You have a pair of large antennae on your head (SInv).))


Message History

You barely miss the adder.
The adder is almost dead.
You feel sick. The adder bites you but does no damage.
You barely miss the adder.
The adder is almost dead.
The adder bites you.
* * * LOW HITPOINT WARNING * * *
The adder barely misses you.
Drink which item? (? for menu, Esc to quit)
It was a potion of agility.
You feel agile all of a sudden. The adder bites you but does no damage.
Drink which item? (? for menu, Esc to quit)
It was a potion of lignification.
You turn into a tree.
Your +0 ring mail melds into your body.
Your roots penetrate the ground.
You feel sick. The adder bites you but does no damage.
You closely miss the adder.
The adder is severely wounded.
The adder bites you but does no damage. The adder bites you.
You die...

#########################
..........((((((♣S..)...#
#######################.#
####### #######.....# ###
#.....(...#.#


You could see an adder.

Vanquished Creatures
  Ijyb (D:3)
  Jessica (D:3)
  An adder (D:3)
  3 worms
  2 giant geckos
  4 giant cockroaches
  14 goblins
  5 hobgoblins
  3 jackals (D:2)
  4 quokkas
  8 bats
  3 giant newts (D:1)
  9 kobolds
  18 rats
76 creatures vanquished.

Vanquished Creatures (others)
  A kobold (D:1)
  A rat (D:1)
2 creatures vanquished.

Grand Total: 78 creatures vanquished

Notes
Turn   | Place    | Note
--------------------------------------------------------------
     0 | Abyss:1  | Raurakos the Formicid Abyssal Knight began the quest for the Orb.
     0 | Abyss:1  | Reached XP level 1. HP: 18/18 MP: 2/2
    23 | Abyss:1  | Noticed a wraith
    25 | D:1      | Escaped the Abyss
    98 | D:1      | Acquired Lugonu's first power
   223 | D:1      | Reached XP level 2. HP: 18/24 MP: 3/3
   781 | D:1      | Reached XP level 3. HP: 29/29 MP: 4/4
  1257 | D:2      | Acquired Lugonu's second power
  1473 | D:2      | Reached XP level 4. HP: 30/35 MP: 5/5
  1486 | D:2      | Reached skill level 4 in Long Blades
  1876 | D:2      | Found a shimmering altar of Xom.
  1878 | D:2      | Found a burning altar of Makhleb.
  1880 | D:2      | Found an opulent altar of Gozag.
  2325 | D:3      | Noticed Ijyb
  2336 | D:3      | Killed Ijyb
  2336 | D:3      | Reached XP level 5. HP: 35/41 MP: 6/6
  2344 | D:3      | Acquired Lugonu's third power
  2757 | D:3      | Reached skill level 5 in Long Blades
  2971 | D:3      | Noticed Jessica
  2979 | D:3      | Killed Jessica
  3064 | D:3      | HP: 2/41 [adder (4)]
  3067 | D:3      | Slain by an adder

Vault maps used:
D:1:      saegor_arrival_miasma, serial_bayou_ford_a, serial_bayou_pond_a,
          minmay_misc_feat_hallway
D:2:      grunt_temple_overflow_diamond
D:3:      first_bread, uniq_jessica, uniq_iyjb, uniq_sigmund

Action                   |  1- 3 |  4- 6 || total
-------------------------+-------+-------++-------
Melee: Falchion          |   140 |       ||   140
       Long sword        |    20 |   142 ||   162
Invok: Depart the Abyss  |     1 |       ||     1
  Use: Scroll            |       |     3 ||     3
       Potion            |       |     4 ||     4
  Eat: Chunk             |     2 |     5 ||     7
